 Dungeon Crawl Stone Soup version 0.18.1-8-gdd0e5ea (webtiles) character file.

62 Necrotakul the Cudgeler (level 3, -3/31 HPs)
             Began as a Minotaur Berserker on June 9, 2016.
             Was a Believer of Trog.
             Killed by nerve-wracking pain
             ... invoked by Grinder
              (12 damage)
             ... on level 3 of the Dungeon.
             The game lasted 00:06:59 (2294 turns).

Necrotakul the Cudgeler (Minotaur Berserker)        Turns: 2294, Time: 00:06:59

Health: -3/31      AC:  3    Str: 21    XL:     3   Next: 85%
Magic:  2/2        EV: 11    Int:  4    God:    Trog [**....]
Gold:   102        SH:  3    Dex: 10    Spells: 0 memorised, 2 levels left

rFire  . . .     SeeInvis .     a - +0 mace
rCold  . . .     Gourm    .     p - +0 leather armour
rNeg   . . .     Faith    .     q - +0 buckler
rPois  .         Spirit   .     (helmet restricted)
rElec  .         Dismiss  .     (no cloak)
rCorr  .         Reflect  .     (no gloves)
SustAt .         Harm     .     (no boots)
MR     ++...                    (no amulet)
Stlth  +.........               (no ring)
                                (no ring)

@: exhausted, regenerating, slowed, very slow, very resistant to hostile
enchantments, very unstealthy
A: retaliatory headbutt, horns 2
a: Berserk, Trog's Hand, Burn Spellbooks, Renounce Religion


You were on level 3 of the Dungeon.
You worshipped Trog.
Trog was pleased with you.
You were very hungry.

You visited 1 branch of the dungeon, and saw 3 of its levels.

You collected 102 gold pieces.

Inventory:

Hand Weapons
 a - a +0 mace (weapon)
Armour
 p - a +0 leather armour (worn)
 q - a +0 buckler (worn)
Jewellery
 n - a cursed ring of loudness {unknown}
Scrolls
 d - a scroll of fear {unknown}
 e - a scroll of identify
 f - a scroll of immolation
 g - 2 scrolls of magic mapping
 h - 2 scrolls of remove curse {unknown}
 o - a scroll of random uselessness {unknown}
Potions
 j - a potion of lignification
 k - a potion of flight {unknown}
 l - a potion of heal wounds {unknown}
 m - a potion of degeneration {unknown}
Comestibles
 b - a chunk of flesh
 c - a bread ration
 i - a meat ration


   Skills:
 - Level 3.6 Fighting
 - Level 5.8 Maces & Flails
 - Level 2.4 Armour
 - Level 2.1 Dodging
 + Level 0.2 Shields


You had 2 spell levels left.
You didn't know any spells.

Dungeon Overview and Level Annotations

Branches:
Dungeon (3/15)

Altars:
Ashenzari
Cheibriados

Annotations:
D:3 Grinder


Innate Abilities, Weirdness & Mutations

You reflexively headbutt those who attack you in melee.
You have a pair of horns on your head.


Message History

Grinder blinks!
You are no longer berserk.
You are exhausted.
You feel yourself slow down.
You are feeling very hungry.
You see here a goblin corpse.
Read which item? (? for menu, Esc to quit)
Okay, then.
Read which item? (? for menu, Esc to quit)
As you read the scroll labeled SOENEI ME OTTU, it crumbles to dust.
The creatures around you are filled with an inner flame!
It was a scroll of immolation.
Read which item? (? for menu, Esc to quit)
As you read the scroll labeled TOLIFE WIACSI, it crumbles to dust.
It is a scroll of identify.
Identify which item? (\ to view known items) (? for menu, Esc to quit)
j - a potion of lignification Grinder gestures at you.
Pain shoots through your body!
You die...

###.................####
# ####..................
.. #.######.##<#######
... #.# #......ยง...#
....##.######........(.#
........................#
#........######.........#
#..#.###.#.....##5#######
.....?.........@...#
..#.#....)....##..# #..
#.........##..# #.
#.........##..#
###+#.....# ..# #.....#
... #.....# #.## #.....#
.#


You could see Grinder (inner flame).

Vanquished Creatures
  An ooze (D:2)
  A worm (D:2)
  2 dart slugs
  4 giant geckos
  5 bats
  2 giant cockroaches
  7 goblins
  6 hobgoblins
  5 kobolds
  A quokka (D:2)
  A ball python (D:2)
  3 giant newts
  6 rats
44 creatures vanquished.

Notes
Turn   | Place    | Note
--------------------------------------------------------------
     0 | D:1      | Necrotakul the Minotaur Berserker began the quest for the Orb.
     0 | D:1      | Reached XP level 1. HP: 19/19 MP: 0/0
    27 | D:1      | Found a snail-covered altar of Cheibriados.
    97 | D:1      | Reached skill level 4 in Maces & Flails
   346 | D:1      | Reached XP level 2. HP: 26/26 MP: 1/1
   794 | D:1      | Reached skill level 5 in Maces & Flails
  1276 | D:2      | Reached XP level 3. HP: 30/31 MP: 2/2
  1279 | D:2      | Reached ** piety under Trog
  2065 | D:3      | Noticed Grinder
  2157 | D:3      | Found a shattered altar of Ashenzari.
  2294 | D:3      | Killed from afar by Grinder

Skill      XL: |  1  2 |
---------------+-------+-----
Maces & Flails | 4 5 |  5.8
Fighting       | |  3.6
Armour         | |  2.4
Dodging        | |  2.1
Shields        | |  0.2

Action                   || total
-------------------------++-------
Melee: Mace              ||    87
       Headbutt          ||    11
Invok: Berserk           ||     1
       Trog's Hand       ||     1
  Use: Scroll            ||     3
 Stab: Sleeping          ||     2
  Eat: Chunk             ||     4
Armor: Animal skin       ||    16
       Leather armour    ||     2
Dodge: Dodged            ||    73
Block: Buckler           ||     1
